 Dungeon Crawl Stone Soup version 0.27.1-1-g398f81649c (webtiles) character file.

Game seed: 7220615337404942767

74 pbellow the Skirmisher (level 4, -6/40 HPs)
             Began as a Hill Orc Fighter on Sept 11, 2021.
             Was an Initiate of Beogh.
             Mangled by Sigmund (11 damage)
             ... on level 3 of the Dungeon.
             The game lasted 00:05:53 (2457 turns).

pbellow the Skirmisher (Hill Orc Fighter)           Turns: 2457, Time: 00:05:54

Health: -6/40      AC:  7    Str: 19    XL:     4   Next: 30%
Magic:  4/4        EV:  7    Int:  8    God:    Beogh [......]
Gold:   75         SH:  0    Dex: 10    Spells: 3/3 levels left

rFire    . . .     SeeInvis .   a - +1 war axe
rCold    . . .     Faith    .   c - +1 kite shield
rNeg     . . .     Spirit   .   b - +0 scale mail
rPois    .         Reflect  .   (no helmet)
rElec    .         Harm     .   (no cloak)
rCorr    .         Rampage  .   (no gloves)
Will     .....                  (no boots)
Stlth    ..........             (no amulet)
HPRegen  0.13/turn              (no ring)
MPRegen  0.09/turn              (no ring)

@: confused
A: no striking features
a: Renounce Religion


You were on level 3 of the Dungeon.
You worshipped Beogh.
Beogh was noncommittal.
You visited 1 branch of the dungeon, and saw 3 of its levels.

You collected 75 gold pieces.

Inventory:

Hand Weapons
 a - a +1 war axe (weapon)
Armour
 b - a +0 scale mail (worn)
 c - a +1 kite shield (worn)
Jewellery
 e - a +6 ring of intelligence
 j - a ring of see invisible
Wands
 i - a wand of iceblast (10)
Scrolls
 k - a scroll of fog
 l - a scroll of enchant armour
 m - a scroll of torment {unknown}
Potions
 d - a potion of might
 f - a potion of attraction {unknown}
 g - a potion of curing
 h - a potion of brilliance {unknown}


   Skills:
 + Level 4.1 Fighting
 + Level 3.7 Axes
 + Level 3.8 Armour
 + Level 0.7 Dodging
 + Level 4.0 Shields


You had 3 spell levels left.
You didn't know any spells.
Your spell library contained the following spells:

 Spells                   Type           Power      Damage    Failure   Level
 Dazzling Flash           Conj/Hex       0%         N/A       100%        3
 Iskenderun's Mystic Bla  Conj/Tloc      0%         2d3       100%        4
 Starburst                Conj/Fire      0%         6d3       100%        6


Dungeon Overview and Level Annotations

Branches:
Dungeon (3/15)

Altars:

Annotations:
D:3 Sigmund


Message History

Beogh accepts your kill. Sigmund barely misses you.
Your Shields skill increases to level 4!
Things that are here:
a +0 club; an orc corpse You hit Sigmund but do no damage.
You block Sigmund's attack.
You slash Sigmund!
Sigmund is moderately wounded.
Sigmund screams, "Only death can liberate you!"
Sigmund hits you with a +0 scythe!
You slash Sigmund!
Sigmund is severely wounded.
Sigmund casts a spell at you. You resist with some effort.
Sigmund mumbles some strange words.
Sigmund flickers and vanishes!
Deactivating autopickup; reactivate with Ctrl-A.
You hit something. Something hits you!
You miss something. Something hits you!
* * * LOW HITPOINT WARNING * * *
You closely miss something.
You hear some strange, mumbled words.
A magic dart appears from out of thin air!
The magic dart hits you.
* * * LOW HITPOINT WARNING * * *
You miss something. Something hits you.
* * * LOW HITPOINT WARNING * * *
You hear some strange, mumbled words.
A puff of flame appears from out of thin air!
The puff of flame misses you.
You hear some strange, mumbled words.
You are confused.
You bump into the rock wall.
There is a stone staircase leading up here.
You hear some strange, mumbled words.
You are more confused.
In your confused state, you trip and fall back down the stairs.
* * * LOW HITPOINT WARNING * * *
Something hits you!
You die...

#..####......#....
##..# #......#....
###..#####..........<
#....# #.............
#.##.##..#.......<...
##.......##...###.####
##...#.#.....# #..#
#...##.#.##### ##...
##..##.@..# ##.#
#...){.>### .#
#....####.# # ...#.
#.# . #. #.# # #.# #.#
... ..


There were no monsters in sight!

Vanquished Creatures
  2 dart slugs (D:2)
  6 orcs (D:3)
  9 ball pythons
  2 endoplasms (D:1)
  3 giant cockroaches
  5 goblins
  6 hobgoblins
  3 jackals (D:2)
  5 kobolds
  3 quokkas
  6 bats
  5 frilled lizards
  6 rats
  3 bushes (D:2)
64 creatures vanquished.

Vanquished Creatures (others)
  An orc (D:3)
  4 plants (D:2)
5 creatures vanquished.

Grand Total: 69 creatures vanquished

Notes
Turn   | Place    | Note
-------+----------+-------------------------------------------
     0 | D:1      | pbellow the Hill Orc Fighter began the quest for the Orb.
     0 | D:1      | Reached XP level 1. HP: 19/19 MP: 1/1
    58 | D:1      | Reached XP level 2. HP: 21/27 MP: 2/2
   375 | D:1      | Reached XP level 3. HP: 33/33 MP: 3/3
  1731 | D:2      | Reached XP level 4. HP: 40/40 MP: 4/4
  2320 | D:3      | Found a faded altar of an unknown god.
  2400 | D:3      | Became a worshipper of Beogh the Brigand
  2437 | D:3      | Noticed Sigmund
  2457 | D:3      | Mangled by Sigmund

Illustrated notes

Levels and vault maps discovered:
D:1:      dpeg_arrival_lava_temple_mockup, layout_basic, minmay_vboxes
D:2:      layout_loops_ring, serial_forest, infiniplex_forest_end_3,
          infiniplex_forest_straight_4, infiniplex_forest_lined_corner,
          infiniplex_forest_lined_2, infiniplex_forest_lined_corner,
          infiniplex_forest_lined_room_2, infiniplex_forest_straight_1,
          infiniplex_forest_zigzag_2, infiniplex_forest_lined_3,
          kennysheep_generic_room_3
D:3:      layout_rooms, hellmonk_ecumenical_altar_heavens_door,
          chequers_serial_rivers_large_b, kennysheep_generic_room_11,
          uniq_sigmund

Skill      XL: |  1  2  3  4 |
---------------+-------------+-----
Axes           | 3 |  3.7
Fighting       | 4 |  4.1
Shields        | 4 |  4.0
Armour         | |  3.8
Dodging        | |  0.7

Action                   |  1- 3 |  4- 6 || total
-------------------------+-------+-------++-------
Melee: War axe           |   132 |   136 ||   268
Invok: Convert to Beogh  |       |     1 ||     1
  Use: Scroll            |     3 |     1 ||     4
       Potion            |     2 |       ||     2
Armor: Scale mail        |    95 |     6 ||   101
Dodge: Dodged            |    57 |     6 ||    63
Block: Kite shield       |   114 |    10 ||   124
